 Dungeon Crawl Stone Soup version 0.29.1-15-g9cfb28693d (webtiles) character file.

Game seed: 4653877261138798698

98 Hakkniv the Digger (level 4, -4/24 HPs)
             Began as a Gargoyle Earth Elementalist on Mar 1, 2023.
             Slain by Grinder (9 damage)
             ... on level 3 of the Dungeon.
             The game lasted 00:05:31 (2980 turns).

Hakkniv the Digger (Gargoyle Earth Elementalist)    Turns: 2980, Time: 00:05:32

Health: -4/24      AC:  5    Str: 11    XL:     4   Next: 69%
Magic:  0/9        EV: 11    Int: 18    God:
Gold:   133        SH:  0    Dex: 10    Spells: 9/10 levels left

rFire   . . .      SeeInvis .   (no weapon)
rCold   . . .      Faith    .   (no shield)
rNeg    + . .      Spirit   .   a - +0 robe
rPois   ∞          Reflect  .   (no helmet)
rElec   +          Harm     .   (no cloak)
rCorr   .          Rampage  .   (no gloves)
Will    .....                   (no boots)
Stlth   ++........              (no amulet)
HPRegen 0.08/turn               (no ring)
MPRegen 0.11/turn               (no ring)

@: very slightly contaminated
A: sickness immunity, AC +3, negative energy resistance 1, electricity
resistance, torment resistance 1, petrification resistance
a: no special abilities


You were on level 3 of the Dungeon.
You visited 1 branch of the dungeon, and saw 4 of its levels.

You collected 133 gold pieces.

Inventory:

Armour
 a - a +0 robe (worn)
Jewellery
 m - a +6 ring of intelligence
Wands
 j - a wand of acid (3)
Scrolls
 f - a scroll of identify {unknown}
 i - 2 scrolls of teleportation {unknown}
 k - a scroll of fear {unknown}
 l - a scroll of magic mapping {unknown}
Potions
 b - 3 potions of magic
 c - 4 potions of mutation {unknown}
 d - a potion of cancellation {unknown}
 e - a potion of might {unknown}
 g - a potion of curing {unknown}
 h - a potion of attraction {unknown}


   Skills:
 - Level 1.5 Dodging
 - Level 2.1 Stealth
 * Level 3.8 Spellcasting
 - Level 0.7 Transmutations
 + Level 4.6 Earth Magic


You had 9 spell levels left.
You knew the following spells:

 Your Spells              Type           Power      Damage    Failure   Level
a - Sandblast             Erth           40%        2d10      2%          1

Your spell library contained the following spells:

 Spells                   Type           Power      Damage    Failure   Level
 Passwall                 Tmut/Erth      10%        N/A       8%          2
 Apportation              Tloc           6%         N/A       16%         1
 Stone Arrow              Conj/Erth      22%        3d8       17%         3
 Gell's Gravitas          Tloc           3%         N/A       41%         3
 Lesser Beckoning         Tloc           3%         N/A       41%         3
 Teleport Other           Tloc           3%         N/A       41%         3
 Petrify                  Tmut/Erth      13%        N/A       45%         4
 Borgnjor's Vile Clutch   Necr/Erth      5%         N/A       85%         5
 Alistair's Intoxication  Tmut/Pois      2%         N/A       98%         5
 Eringya's Noxious Bog    Tmut/Pois      2%         N/A       100%        6


Dungeon Overview and Level Annotations

Branches:
Dungeon (4/15)
 Temple: D:4-7

Altars:

Annotations:
D:3 Grinder


Innate Abilities, Weirdness & Mutations

You are immune to sickness and miasma.
Your stone body is resilient. (AC +3)
You are immune to poison.
You resist negative energy. (rN+)
You are resistant to electric shocks. (rElec)
You are resistant to unholy torment.
You are immune to petrification.


Message History

The blast of sand hits Grinder.
Grinder is heavily wounded.
Grinder hits you. x2
* * * LOW HITPOINT WARNING * * *
Unknown command.
Casting: Sandblast (safe; 2% risk of failure)
Confirm with . or Enter, or press ? or * to list all spells.
Aiming: Sandblast (safe; 2% risk of failure)
Press: ? - help, Shift-Dir - straight line, f/p - Grinder
Aim: Grinder (heavily wounded, 81% to hit)
The blast of sand hits Grinder!
Grinder is severely wounded.
Grinder gestures at you. Pain shoots through your body!
* * * LOW HITPOINT WARNING * * *
Casting: Sandblast (safe; 2% risk of failure)
Confirm with . or Enter, or press ? or * to list all spells.
Aiming: Sandblast (safe; 2% risk of failure)
Press: ? - help, Shift-Dir - straight line, f/p - Grinder
Aim: Grinder (severely wounded, 81% to hit)
The blast of sand hits Grinder.
Grinder is almost dead.
Grinder hits you but does no damage. Grinder barely misses you.
Unknown command.
Casting: Sandblast (safe; 2% risk of failure)
Confirm with . or Enter, or press ? or * to list all spells.
Aiming: Sandblast (safe; 2% risk of failure)
Press: ? - help, Shift-Dir - straight line, f/p - Grinder
Aim: Grinder (almost dead, 81% to hit)
The blast of sand hits Grinder.
Grinder is almost dead.
Grinder gestures at you. You resist with significant effort.
Casting: Sandblast (safe; 2% risk of failure)
Confirm with . or Enter, or press ? or * to list all spells.
Aiming: Sandblast (safe; 2% risk of failure)
Press: ? - help, Shift-Dir - straight line, f/p - Grinder
Aim: Grinder (almost dead, 81% to hit)
You miscast Sandblast.
Nothing appears to happen.
Grinder hits you!
You die...

#.###########<.......#
#.#....#### ####.....#
#.#.##....# #.###.#
#.....###.# #.# #.#
###.#.###.# #.# #.#
#.#.....# #.# #.#
#[############.# #.#
#.# #.5....# #.# #.#
#@# #.# #.# #.# #.#
#.# #.# #.# #.#
#.#######.#
#.........#
###########


You could see Grinder.

Vanquished Creatures
  4 adders
  A worm (D:2)
  2 dart slugs
  An orc (D:3)
  5 bats
  5 endoplasms
  4 giant cockroaches
  5 goblins
  3 hobgoblins
  5 kobolds
  2 quokkas
  6 ball pythons
  4 frilled lizards
  4 rats
51 creatures vanquished.

Notes
Turn   | Place    | Note
-------+----------+-------------------------------------------
     0 | D:1      | Hakkniv the Gargoyle Earth Elementalist began the quest for
                  | the Orb.
     0 | D:1      | Reached XP level 1. HP: 10/10 MP: 3/3
   345 | D:1      | Reached XP level 2. HP: 15/15 MP: 3/5
   502 | D:1      | Reached skill level 4 in Earth Magic
  1319 | D:2      | Found a faded altar of an unknown god.
  1333 | D:2      | Reached XP level 3. HP: 19/19 MP: 2/7
  1631 | D:2      | Reached XP level 4. HP: 24/24 MP: 7/9
  2678 | D:3      | You fall into a shaft and drop 1 floor!
  2965 | D:3      | Noticed Grinder
  2968 | D:3      | Paralysed by Grinder for 5 turns
  2980 | D:3      | Slain by Grinder

Illustrated notes

Levels and vault maps discovered:
D:1:      kennysheep_arrival_seaside, layout_basic
D:2:      layout_basic, nicolae_ecumenical_snake_handling
D:3:      layout_basic, uniq_grinder
D:4:      layout_layer_cave, minmay_temple_entry_trees, uniq_crazy_yiuf_cottage,
          uniq_eustachio

Skill      XL: |  1  2  3 |
---------------+----------+-----
Earth Magic    | 4 |  4.6
Spellcasting   | 3 |  3.8
Dodging        | |  1.5
Stealth        | |  2.1
Transmutations | |  0.7

Action                   |  1- 3 |  4- 6 || total
-------------------------+-------+-------++-------
Melee: Unarmed           |    19 |     1 ||    20
       Punch             |     1 |       ||     1
 Cast: Sandblast         |    43 |    32 ||    75
Armor: Robe              |    12 |     4 ||    16
Dodge: Dodged            |    19 |    11 ||    30
